 Dungeon Crawl Stone Soup version 0.31-a0-1469-gd420192249 (webtiles) character file.

Game seed: 5366196242168755375

23 CowFu the Poker (level 2, 0/22 HPs)
             Began as a Demonspawn Gladiator on Dec 28, 2023.
             Killed from afar by Sigmund (6 damage)
             ... with a puff of flame
             ... on level 2 of the Dungeon.
             The game lasted 00:00:52 (1018 turns).

CowFu the Poker (Demonspawn Gladiator)              Turns: 1018, Time: 00:00:52

Health: 0/22       AC:  8    Str: 14    XL:     2   Next: 72%
Magic:  2/2        EV: 12    Int:  8    God:
Gold:   16         SH:  0    Dex: 14    Spells: 1/1 levels left

rFire   . . .        a - +0 trident
rCold   . . .        (no shield)
rNeg    . . .        b - +0 leather armour
rPois   .            c - +0 helmet
rElec   .            k - +0 cloak
rCorr   .            g - +0 pair of gloves
SInv    .            (no boots)
Will    .....        (no amulet)
Stlth   +            (no ring)
HPRegen 0.23/turn    (no ring)
MPRegen 0.08/turn

%: no passive effects
@: no status effects
A: slimy green scales 1
a: no special abilities


You were on level 2 of the Dungeon.
You visited 1 branch of the dungeon, and saw 2 of its levels.

You collected 16 gold pieces.

Inventory:

Hand Weapons
 a - a +0 trident (weapon)
Missiles
 d - 3 throwing nets (quivered)
 e - a javelin
Armour
 b - a +0 leather armour (worn)
 c - a +0 helmet (worn)
 g - a +0 pair of gloves (worn)
 k - a +0 cloak (worn)
Scrolls
 h - 2 scrolls of fear {unknown}
 i - a scroll of vulnerability {unknown}
 j - a scroll of teleportation {unknown}
Potions
 f - a potion of might {unknown}
 l - a potion of magic {unknown}


   Skills:
 - Level 2.0 Fighting
 + Level 3.7 Polearms
 - Level 1.7 Throwing
 - Level 2.6 Dodging


You had one spell level left.
You didn't know any spells.
Your spell library was empty.

Dungeon Overview and Level Annotations

Branches:
Dungeon (2/15)

Altars:

Shops:
D:1 (

Annotations:
D:2 Sigmund


Innate Abilities, Weirdness & Mutations

You are partially covered in slimy green scales. (AC +2)


Message History

A goblin is nearby!
You hit the goblin.
You kill the goblin!
Things that are here:
a +0 club; a goblin corpse You open the door.
There is an open door here.
Found a stone staircase leading down.
No target in view!
A worm and Sigmund come into view.
Sigmund is wielding a +0 scythe and carrying a wand of flame.
Sigmund shouts!
Sigmund mumbles some strange words.
Sigmund flickers and vanishes!
Deactivating autopickup; reactivate with Ctrl-A.
A worm is nearby!
You hear a zap.
A puff of flame appears from out of thin air!
The puff of flame hits you but does no damage.
A worm comes into view.
There are monsters nearby!
A worm comes into view.
The worm falls through a shaft!
The shaft crumbles and collapses.
You hear a zap.
A puff of flame appears from out of thin air!
The puff of flame hits you.
You hear some strange, mumbled words.
A puff of flame appears from out of thin air!
The puff of flame hits you!
You reach to attack!
You puncture the worm!
The worm is heavily wounded.
A magic dart appears from out of thin air!
The magic dart hits you.
* * * LOW HITPOINT WARNING * * *
You are too injured to fight recklessly!
The worm falls through a shaft!
The shaft crumbles and collapses.
You hear a zap.
A puff of flame appears from out of thin air!
The puff of flame hits you.
You die...

#......####........
#......'...).......
#......#..####....#
#......##..# #....#
..######.......##.#
#....#
..........####..###
#....# ######...#
#^....# #....#
#..=..##..^....##....#
#....@#^...>....#.####
#.....#.....^......
#...............
#.?..{#w.^....
#.....#.....^.
#.....##..^○.. #.....#
#..... #.....# #...#
#...... ....


You could see a worm.

Vanquished Creatures
  A dart slug (D:1)
  A ball python (D:1)
  3 endoplasms (D:1)
  3 giant cockroaches (D:1)
  3 goblins
  3 kobolds (D:1)
  A quokka (D:1)
  A frilled lizard (D:1)
  2 rats (D:1)
18 creatures vanquished.

Notes
Turn   | Place    | Note
-------+----------+-------------------------------------------
     0 | D:1      | CowFu the Demonspawn Gladiator began the quest for the Orb.
     0 | D:1      | Reached XP level 1. HP: 16/16 MP: 1/1
   104 | D:1      | Reached skill level 3 in Polearms
   237 | D:1      | Gained mutation: You are partially covered in slimy green
                  | scales. (AC +2) [demonic ancestry]
   237 | D:1      | Reached XP level 2. HP: 22/22 MP: 2/2
   366 | D:1      | Found Jolul's Antique Weapon Boutique.
  1011 | D:2      | Noticed Sigmund
  1018 | D:2      | Killed from afar by Sigmund

Illustrated notes

Levels and vault maps discovered:
D:1:      spicycebolla_arrival_xxxplode, layout_loops_ring, serial_shops, shop,
          chequers_serial_rivers_large_b
D:2:      layout_basic, serial_shops, nicolae_shop_behind_doors,
          minmay_statues_item, nicolae_wormholes, uniq_terence, uniq_sigmund

Skill      XL: |  1 |
---------------+----+-----
Polearms       | 3 |  3.7
Fighting       | |  2.0
Throwing       | |  1.7
Dodging        | |  2.6

Action                     || total
---------------------------++-------
  Melee: Trident           ||    52
         Punch             ||     1
   Stab: Sleeping          ||     2
 Armour: Leather armour    ||    28
  Dodge: Dodged            ||    19

Table legend: (Time is in decaauts)
 A = Elapsed time spent in this place.
 B = Non-inter-level travel time spent in this place.
 C = Inter-level travel time spent in this place.
 D = Time resting spent in this place.
 E = Time spent auto-exploring this place.
 F = Levels seen in this place.
 G = Mean time per level.
                   A        B        C        D        E       F      G
               +--------+--------+--------+--------+--------+-----+--------+
         Total |   1058 |   1023 |     35 |      0 |    865 |   2 |  529.0 |
       Dungeon |   1058 |   1023 |     35 |      0 |    865 |   2 |  529.0 |
               +--------+--------+--------+--------+--------+-----+--------+

Top non-repeatable levels by time:
     D:1: 1030 daAuts
     D:2: 28 daAuts
